 Dungeon Crawl Stone Soup version 0.32-a0-868-g153ae1a8d6 (webtiles) character file.

Game seed: 13074399505304128692

564 Fodor the Chopper (level 7, -4/61 HPs)
             Began as a Minotaur Fighter on Mar 28, 2024.
             Killed by divine providence
             ... invoked by an orc priest
              (9 damage)
             ... on level 5 of the Dungeon.
             The game lasted 00:12:41 (2764 turns).

Fodor the Chopper (Minotaur Fighter)                Turns: 2764, Time: 00:12:41

Health: -4/61      AC: 18    Str: 22    XL:     7   Next: 10%
Magic:  6/6        EV:  7    Int: 11    God:
Gold:   131        SH:  0    Dex: 10    Spells: 6/6 levels left

rFire   . . .        x - +2 dire flail (protect)
rCold   . . .        (shield currently unavailable)
rNeg    . . .        b - +0 chain mail
rPois   .            (helmet restricted)
rElec   .            (no cloak)
rCorr   .            h - +0 pair of gloves
SInv    .            (no boots)
Will    .....        (no amulet) Stlth
                     j - +6 ring of intelligence
HPRegen 0.30/turn    (no ring)
MPRegen 0.10/turn

%: no passive effects
@: under a protective aura, hasted, very quick
A: horns 2, retaliatory headbutt
a: Convert to Beogh


You were on level 5 of the Dungeon.
You visited 2 branches of the dungeon, and saw 6 of its levels.

You collected 131 gold pieces.

Inventory:

Hand Weapons
 a - a +0 war axe
 x - a +2 dire flail of protection (weapon)
Missiles
 s - a boomerang (quivered)
Armour
 b - a +0 chain mail (worn)
 c - a +0 buckler
 h - a +0 pair of gloves (worn)
Jewellery
 j - a +6 ring of intelligence (left hand)
Wands
 p - a wand of charming (23)
Scrolls
 e - 3 scrolls of revelation {unknown}
 f - 4 scrolls of identify {unknown}
 g - a scroll of noise {unknown}
 i - 2 scrolls of enchant weapon {unknown}
 q - a scroll of fog {unknown}
 u - a scroll of vulnerability {unknown}
 v - a scroll of teleportation {unknown}
 w - a scroll of summoning {unknown}
Potions
 d - a potion of might
 k - a potion of attraction {unknown}
 l - 2 potions of curing {unknown}
 m - a potion of resistance {unknown}
 n - a potion of heal wounds {unknown}
 o - a potion of haste
 r - a potion of berserk rage {unknown}
 t - a potion of enlightenment {unknown}


   Skills:
 + Level 5.0 Fighting
 + Level 6.0 Axes
 + Level 0.5(3.7) Maces & Flails
 + Level 2.5 Throwing
 + Level 5.7 Armour
 + Level 0.6 Dodging
 + Level 0.4 Stealth
 + Level 4.2 Shields


You had 6 spell levels left.
You didn't know any spells.
Your spell library contained the following spells:

 Spells                   Type           Power      Damage    Failure   Level
 Slow                     Hex            0%         N/A       90%         1
 Ensorcelled Hibernation  Hex/Ice        0%         N/A       97%         2
 Confusing Touch          Hex            0%         N/A       99%         3
 Passwall                 Erth           0%         N/A       99%         3
 Swiftness                Air            0%         N/A       99%         3
 Vampiric Draining        Necr           0%         2d6       99%         3


Dungeon Overview and Level Annotations

Branches:
Dungeon (5/15)             Temple (1/1) D:5

Altars:
Ashenzari
Dithmenos
Elyvilon
Fedhas
Hepliaklqana
Kikubaaqudgha
Okawaru
Qazlal
Sif Muna
Trog
Uskayaw
Vehumet
Wu Jian
Yredelemnul
The Shining One


Innate Abilities, Weirdness & Mutations

You have a pair of horns on your head.
You reflexively headbutt those who attack you in melee.


Message History

You have reached level 7!
You puncture the gnoll!
You kill the gnoll!
An orc priest comes into view. It is wielding a +0 war axe.
The gnoll hits you with a +0 halberd. The gnoll hits you but does no damage.
Things that are here:
a +0 whip; a +0 hand axe; a +0 robe You hit the gnoll.
Your headbutt misses the gnoll.
The gnoll is moderately wounded.
The gnoll hits you but does no damage. The gnoll hits you with a +0 club.
An orc comes into view. It is wielding a +0 whip.
An orc priest comes into view. It is wielding a +0 dagger.
The orc priest calls down the wrath of Beogh upon you.
You struggle to resist.
You barely miss the gnoll.
The orc shouts!
You headbutt the gnoll!
The gnoll is almost dead.
You hear a shout!
The gnoll hits you with a +0 halberd. The gnoll hits you but does no damage.
The orc priest calls down the wrath of Beogh upon you.
Beogh smites you!
The orc priest miscasts a cantrip.
The orc priest shouts, "Beogh offers mercy even to people such as you.
Join us and be reborn!" (press Y on the ability menu to convert to Beogh)
You thump the gnoll!
You kill the gnoll!
The gnoll hits you but does no damage.
The orc priest calls down the wrath of Beogh upon you.
Beogh smites you!
* * * LOW HITPOINT WARNING * * *
The orc priest barely misses you. You furiously retaliate!
You headbutt the orc priest.
Your Axes skill increases to level 6!
It was a potion of haste.
You feel yourself speed up. The gnoll hits you with a +0 club.
* * * LOW HITPOINT WARNING * * *
The orc priest calls down the wrath of Beogh upon you.
Beogh smites you!
You die...

...........~§§§~~~.#
........###.~§§~~..# .
.......###..§~~.(###.
....................
#####.###......#####..
..........##..........
####....###..###....
####o#......#.......
#%o@g.#######.##..>.
.....?)##.# ###.....
..###.# #.# #....#..
#o ..# #...##.. . ..#
#..##### .. ...# ####
.. .# #.#


You could see 3 orc priests and a gnoll.

Vanquished Creatures
  Edmund (D:5)
  Blork the orc (D:5)
  A gnoll sergeant (D:5)
  2 bombardier beetles
  Terence (D:3)
  An iguana (D:5)
  8 adders
  5 gnolls (D:5)
  4 ribbon worms
  5 ball pythons
  12 endoplasms
  7 giant cockroaches
  4 goblins
  5 hobgoblins
  4 jackals (D:3)
  5 quokkas
  A bat (D:1)
  9 frilled lizards
  6 kobolds
  5 rats
87 creatures vanquished.

Notes
Turn   | Place    | Note
-------+----------+-------------------------------------------
     0 | D:1      | Fodor the Minotaur Fighter began the quest for the Orb.
     0 | D:1      | Reached XP level 1. HP: 19/19 MP: 0/0
   120 | D:1      | Reached XP level 2. HP: 27/27 MP: 1/1
   667 | D:2      | Reached XP level 3. HP: 22/33 MP: 2/2
   936 | D:2      | Reached skill level 3 in Axes
   940 | D:2      | Reached XP level 4. HP: 39/41 MP: 3/3
  1404 | D:3      | Noticed Terence
  1409 | D:3      | Killed Terence
  1426 | D:3      | Reached skill level 5 in Armour
  1429 | D:3      | Reached XP level 5. HP: 16/47 MP: 4/4
  1431 | D:3      | Reached skill level 4 in Axes
  1975 | D:4      | Reached skill level 1 in Throwing
  2258 | D:4      | You fall into a shaft and drop 1 floor!
  2258 | D:5      | Entered Level 5 of the Dungeon
  2521 | D:5      | Reached skill level 5 in Axes
  2521 | D:5      | Reached XP level 6. HP: 28/55 MP: 5/5
  2521 | D:5      | Noticed Edmund
  2540 | D:5      | Killed Edmund
  2647 | D:5      | Found a staircase to the Ecumenical Temple.
  2660 | D:5      | Reached skill level 5 in Fighting
  2671 | Temple   | Entered the Ecumenical Temple
  2751 | D:5      | Noticed Blork the orc
  2758 | D:5      | Killed Blork the orc
  2759 | D:5      | Reached XP level 7. HP: 48/61 MP: 6/6
  2764 | D:5      | Reached skill level 6 in Axes
  2764 | D:5      | Killed from afar by an orc priest

Illustrated notes

Levels and vault maps discovered:
D:1:      giann_horns, layout_basic
D:2:      layout_basic, serial_bayou, serial_bayou_pond_e, serial_bayou_pond_b,
          serial_bayou_shore_b, serial_bayou_pond_a, minmay_lizard_pond
D:3:      layout_rooms, uniq_terence
D:4:      layout_basic
D:5:      layout_rooms, mainiacjoe_overflow_alcove_3, minmay_temple_entry_mist,
          uniq_duvessa, uniq_blork_the_orc, uniq_edmund
Temple:   bh_familiar_temple

Skill      XL: |  1  2  3  4  5  6  7 |
---------------+----------------------+-----
Armour         | 4 5 |  5.7
Fighting       | 4 5 |  5.0
Shields        | 4 |  4.2
Axes           | 3 5 6 |  6.0
Throwing       | 1 2 |  2.5
Maces & Flails | |  0.5
Dodging        | |  0.6
Stealth        | |  0.4

Action                     |  1- 3 |  4- 6 |  7- 9 || total
---------------------------+-------+-------+-------++-------
  Melee: War axe           |    85 |    75 |       ||   160
         Headbutt          |    10 |    16 |     1 ||    27
         Dire flail        |       |    10 |     4 ||    14
  Throw: Dart              |    16 |     4 |       ||    20
         Boomerang         |       |    38 |       ||    38
    Use: Potion            |       |       |     1 ||     1
   Stab: Invisible         |     1 |       |       ||     1
 Armour: Scale mail        |    34 |       |       ||    34
         Chain mail        |    49 |    79 |     8 ||   136
  Dodge: Dodged            |    36 |    51 |     1 ||    88
  Block: Buckler           |    14 |    13 |       ||    27

Table legend: (Time is in decaauts)
 A = Elapsed time spent in this place.
 B = Non-inter-level travel time spent in this place.
 C = Inter-level travel time spent in this place.
 D = Time resting spent in this place.
 E = Time spent auto-exploring this place.
 F = Levels seen in this place.
 G = Mean time per level.
                   A        B        C        D        E       F      G
               +--------+--------+--------+--------+--------+-----+--------+
         Total |   2844 |   2808 |     36 |     17 |   1755 |   6 |  474.0 |
       Dungeon |   2774 |   2738 |     36 |     17 |   1755 |   5 |  554.8 |
        Temple |     70 |     70 |      0 |      0 |      0 |   1 |   70.0 |
               +--------+--------+--------+--------+--------+-----+--------+

Top non-repeatable levels by time:
     D:2: 775 daAuts
     D:1: 673 daAuts
     D:4: 582 daAuts
     D:3: 526 daAuts
     D:5: 217 daAuts
  Temple: 70 daAuts
